 Dungeon Crawl Stone Soup version 0.27.1-34-g3ba077fa99 (webtiles) character file.

Game seed: 4922118976914894087

8337 lordive the Thaumaturge (level 11, -4/56 HPs)
             Began as a Deep Elf Conjurer on Jan 19, 2022.
             Was a Follower of Vehumet.
             Slain by a boulder beetle (24 damage)
             ... on level 6 of the Dungeon.
             The game lasted 00:28:23 (13701 turns).

lordive the Thaumaturge (Deep Elf Conjurer)        Turns: 13701, Time: 00:28:23

Health: -4/56      AC:  7    Str:  4    XL:     11   Next: 8%
Magic:  29/30      EV: 14    Int: 27    God:    Vehumet [*.....]
Gold:   513        SH:  5    Dex: 13    Spells: 30/36 levels left

rFire    . . .     SeeInvis +   C - +5 falchion
rCold    . . .     Faith    .   G - +0 buckler
rNeg     . . .     Spirit   .   a - +1 robe
rPois    .         Reflect  .   t - +0 helmet
rElec    .         Harm     .   (no cloak)
rCorr    +         Rampage  .   J - +0 pair of gloves
Will     +....                  y - +1 pair of boots
Stlth    +++.......             (no amulet)
HPRegen  0.18/turn              m - ring of see invisible
MPRegen  0.22/turn              n - ring of resist corrosion

@: invisible
A: no striking features
a: Renounce Religion


You were on level 6 of the Dungeon.
You worshipped Vehumet.
Vehumet was aware of your devotion.
You visited 2 branches of the dungeon, and saw 11 of its levels.
You also visited: Ossuary.

You collected 563 gold pieces.
You spent 50 gold pieces at shops.

Inventory:

Hand Weapons
 C - a +5 falchion (weapon)
Armour
 a - a +1 robe (worn)
 h - a scarf of shadows
 t - a +0 helmet (worn)
 y - a +1 pair of boots (worn)
 G - a +0 buckler (worn)
 J - a +0 pair of gloves (worn)
 L - the +0 leather armour of the Rose {rElec Str+2 Stlth-}
   (You found it on level 10 of the Dungeon)

   Str:       It affects your strength (+2).
   rElec:     It insulates you from electricity.
   Stlth:     It makes you less stealthy.
Magical Staves
 p - a staff of earth
Jewellery
 f - a +4 ring of slaying
 m - a ring of see invisible (left hand)
 n - a ring of resist corrosion (right hand)
 M - a ring of wizardry
Wands
 v - a wand of polymorph (20)
 D - a wand of flame (8)
 E - a wand of charming (12)
 K - a wand of paralysis (7)
Scrolls
 i - a scroll of magic mapping {unknown}
 k - 5 scrolls of fog {unknown}
 q - 3 scrolls of amnesia {unknown}
 u - a scroll of immolation {unknown}
 w - a scroll of silence {unknown}
 x - 2 scrolls of fear {unknown}
 z - a scroll of holy word {unknown}
 F - a scroll of enchant armour
 N - 4 scrolls of identify
Potions
 b - a potion of lignification
 c - a potion of might
 d - a potion of flight
 e - 4 potions of degeneration
 j - 3 potions of magic
 l - 4 potions of curing
 o - a potion of resistance {unknown}
 r - 2 potions of cancellation
 s - a potion of attraction {unknown}
 A - 3 potions of brilliance
 B - a potion of berserk rage {unknown}
 H - a potion of haste {unknown}


   Skills:
 + Level 1.5 Fighting
 + Level 1.1 Long Blades
 + Level 5.6 Dodging
 + Level 5.1 Stealth
 * Level 3.9 Shields
 + Level 13.2 Spellcasting
 + Level 11.5 Conjurations
 * Level 5.9 Earth Magic


You had 30 spell levels left.
You knew the following spells:

 Your Spells              Type           Power      Damage    Failure   Level
a - Magic Dart            Conj           100%       1d8       1%          1
b - Searing Ray           Conj           100%       3d7       1%          2
c - Stone Arrow           Conj/Erth      100%       3d13      1%          3

Your spell library contained the following spells:

 Spells                   Type           Power      Damage    Failure   Level
 Freeze                   Ice            68%        1d8       3%          1
 Conjure Flame            Conj/Fire      48%        6-21      1%          3
 Dazzling Flash           Conj/Hex       96%        N/A       1%          3
 Animate Skeleton         Necr           34%        N/A       3%          1
 Pain                     Necr           68%        1d7       3%          1
 Fulminant Prism          Conj/Hex       24%        3d13      3%          4
 Iskenderun's Mystic Bla  Conj/Tloc      48%        2d11      3%          4
 Sticky Flame             Conj/Fire      48%        2d7       3%          4
 Animate Armour           Summ/Erth      66%        N/A       9%          4
 Frozen Ramparts          Ice            34%        1d5       10%         3
 Ignite Poison            Fire/Tmut/Pois 17%        N/A       10%         3
 Vampiric Draining        Necr           8%         2d7       10%         3
 Ice Form                 Ice/Tmut       17%        N/A       30%         4
 Summon Ice Beast         Ice/Summ       17%        N/A       30%         4
 Summon Lightning Spire   Summ/Air       17%        N/A       30%         4
 Lehudib's Crystal Spear  Conj/Erth      30%        10d8      99%         8
 Storm Form               Tmut/Air       8%         N/A       100%        7
 Maxwell's Capacitive Co  Air            8%         ∞         100%        8


Dungeon Overview and Level Annotations

Branches:
Dungeon (10/15)            Temple (1/1) D:7         Ossuary (visited)
   Lair: D:8-11         Orc: D:9-12

Altars:
Ashenzari
Cheibriados
Dithmenos
Elyvilon
Fedhas
Gozag
Hepliaklqana
Kikubaaqudgha
Makhleb
Nemelex Xobeh
Okawaru
Qazlal
Ru
Sif Muna
Trog
Uskayaw
Vehumet
Wu Jian
Xom
Yredelemnul
Zin
The Shining One

Shops:
D:3 ?:*   D:4 *   D:7 *??   D:8 !


Message History

There is an open door, spattered with blood here.
Things that are here:
a +0 robe; a +0 dagger
Things that are here:
a +0 robe; a +0 dagger
Things that are here:
a +0 robe; a +0 dagger The magic dart hits the ice beast!
The ice beast is moderately wounded.
The magic dart hits the ice beast.
The ice beast is heavily wounded.
Casting: Magic Dart (safe; 1% risk of failure)
Confirm with . or Enter, or press ? or * to list all spells.
Aiming: Searing Ray (safe; 1% risk of failure)
Press: ? - help, Shift-Dir - straight line, f/p - ice beast
Aim: an ice beast (heavily wounded, 83% to hit)
The searing ray hits the ice beast!
The ice beast is severely wounded. (Press . to maintain the ray.) Unknown command.
The searing ray hits the ice beast!
You kill the ice beast!
Vehumet accepts your kill.
Unknown command.
A boulder beetle is nearby!
The magic dart hits the boulder beetle but does no damage.
The boulder beetle curls into a ball and begins rolling!
Things that are here:
a +0 robe; a +0 dagger
There is a stone staircase leading up here.
The boulder beetle hits you!
The boulder beetle stops rolling and uncurls.
You climb upwards.
There is a stone staircase leading down here.
The boulder beetle bites you!!
Ouch! That really hurt!
There is a stone staircase leading up here.
You fade into invisibility!
The boulder beetle bites you!!
You die...

###.###.### ####........
#..........# ###########
#.##..#..... ######......[)[#
#.##..#.#..# #........#####.###
#.##........ #.#.##.#.# #.....#
#.###....... #.#.##.#.#
#.....###.#####.###. #.#....#.#
#..@............# #. #.#.##.#.#
#..B..##.######## #.
#......#.###.....##.# #.
###............####.# #.
###.##........###.# ########.
#.##.....>...##.###........
#.##.......................
#.##..........#..##........
#######.##........#.#..##.######.


You could see a boulder beetle.

Vanquished Creatures
  3 two-headed ogres
  An ugly thing (D:7)
  A gargoyle (D:10)
  A redback (shapeshifter) (D:7)
  2 shadows
  A wraith (D:10)
  6 yaks
  A vampire mosquito (D:7)
  An acid dragon (D:10)
  Duvessa (D:6)
  An orc warrior (D:6)
  A sky beast (D:8)
  2 ice beasts (D:7)
  A black bear (D:4)
  2 necrophages (D:4)
  3 boggarts (D:10)
  An ogre (D:7)
  5 centaurs
  2 elf zombies (Ossuary)
  2 kobold brigands (D:7)
  2 bullfrogs
  A gnoll sergeant (D:10)
  5 scorpions
  2 wyvern skeletons
  Dowan (D:6)
  9 killer bees
  3 wights (D:7)
  2 howler monkeys (D:7)
  2 centaur zombies
  A bullfrog zombie (D:6)
  3 jellies
  7 hounds
  A bullfrog skeleton (D:7)
  5 orc priests
  3 centaur skeletons
  An iguana (D:6)
  A scorpion zombie (D:5)
  5 orc wizards
  A killer bee zombie (D:8)
  2 hound skeletons (D:5)
  3 mummies
  7 gnolls
  5 adders
  A white imp (D:6)
  3 ufetubi
  3 dart slugs
  17 orcs
  5 ball pythons
  4 endoplasms
  5 giant cockroaches
  8 goblins
  4 hobgoblins
  8 kobolds
  A quokka (D:1)
  7 bats
  2 frilled lizards (D:1)
  15 hobgoblin zombies (Ossuary)
  A jackal zombie (Ossuary)
  8 kobold zombies
  10 orc zombies
  2 rat zombies (Ossuary)
214 creatures vanquished.

Notes
Turn   | Place    | Note
-------+----------+-------------------------------------------
     0 | D:1      | lordive the Deep Elf Conjurer began the quest for the Orb.
     0 | D:1      | Reached XP level 1. HP: 10/10 MP: 6/6
   315 | D:1      | Reached XP level 2. HP: 15/15 MP: 4/8
   319 | D:1      | Learned a level 2 spell: Searing Ray
   383 | D:1      | Reached skill level 5 in Conjurations
   769 | D:1      | Found a faded altar of an unknown god.
   985 | D:1      | Reached XP level 3. HP: 19/19 MP: 7/9
  2094 | D:3      | Reached skill level 4 in Spellcasting
  2094 | D:3      | Reached XP level 4. HP: 24/24 MP: 6/12
  2136 | D:3      | Found Tuppi's Assorted Antiques.
  2216 | D:3      | Found Wegh's Magic Scroll Emporium.
  2240 | D:3      | Bought a scroll of noise for 10 gold pieces
  2240 | D:3      | Bought a scroll of identify for 20 gold pieces
  2240 | D:3      | Bought a scroll of identify for 20 gold pieces
  2463 | D:3      | Found Geffurghe's Book Boutique.
  2996 | D:4      | Reached XP level 5. HP: 28/28 MP: 3/13
  3157 | D:4      | Found a sand-covered staircase.
  3164 | Ossuary  | Entered an ossuary
  4040 | Ossuary  | Reached skill level 5 in Spellcasting
  4141 | Ossuary  | Reached XP level 6. HP: 21/32 MP: 1/16
  4174 | Ossuary  | Reached skill level 6 in Spellcasting
  4682 | D:4      | Reached XP level 7. HP: 36/36 MP: 14/19
  4740 | D:4      | Reached skill level 7 in Spellcasting
  4797 | D:4      | Found a glowing golden altar of the Shining One.
  4797 | D:4      | Found a hazy altar of Hepliaklqana.
  4799 | D:4      | Found a hide-covered altar of Uskayaw.
  4799 | D:4      | Found an iron altar of Okawaru.
  4801 | D:4      | Found a sparkling altar of Nemelex Xobeh.
  4801 | D:4      | Found an opulent altar of Gozag.
  4901 | D:4      | Found Goagiom's Assorted Antiques.
  5192 | D:4      | Reached skill level 8 in Spellcasting
  5321 | D:5      | Entered Level 5 of the Dungeon
  5763 | D:5      | Reached XP level 8. HP: 41/41 MP: 18/22
  6573 | D:6      | Noticed Duvessa
  6573 | D:6      | Noticed Dowan
  6631 | D:6      | Reached skill level 9 in Spellcasting
  7002 | D:6      | Killed Duvessa
  7047 | D:6      | Killed Dowan
  7216 | D:6      | Reached skill level 10 in Spellcasting
  7525 | D:6      | Reached skill level 1 in Earth Magic
  7677 | D:6      | Found an ancient bone altar of Kikubaaqudgha.
  7684 | D:6      | Found a broken altar of Ashenzari.
  8017 | D:7      | Reached XP level 9. HP: 45/45 MP: 12/25
  8086 | D:7      | Found Vakimoff's General Store.
  8171 | D:7      | Found Ympoixt's Magic Scroll Shop.
  8266 | D:7      | Found Huegh's Magic Scroll Shop.
  8473 | D:7      | Reached skill level 1 in Shields
  8583 | D:7      | Reached skill level 11 in Spellcasting
  8661 | D:7      | Noticed a boulder beetle
  8692 | D:7      | Reached skill level 10 in Conjurations
  8717 | D:7      | Noticed a skeletal warrior
  9084 | D:7      | Found a staircase to the Ecumenical Temple.
  9094 | Temple   | Entered the Ecumenical Temple
  9129 | Temple   | Became a worshipper of Vehumet
  9310 | D:8      | Found Uqoituq's Distillery.
  9872 | D:8      | Noticed a two-headed ogre
  9880 | D:8      | Killed a two-headed ogre
  9881 | D:8      | Reached skill level 12 in Spellcasting
  9881 | D:8      | Reached XP level 10. HP: 51/51 MP: 18/28
 10076 | D:9      | Noticed a two-headed ogre
 10083 | D:9      | Killed a two-headed ogre
 10170 | D:9      | Noticed a two-headed ogre
 10176 | D:9      | Killed a two-headed ogre
 10177 | D:9      | Reached skill level 1 in Fighting
 10177 | D:9      | Reached skill level 5 in Stealth
 10449 | D:8      | HP: 2/52 [poisoned by a killer bee]
 11055 | D:9      | Learned a level 3 spell: Stone Arrow
 11373 | D:9      | Reached skill level 5 in Earth Magic
 11475 | D:10     | Entered Level 10 of the Dungeon
 11621 | D:10     | Identified the +0 leather armour of the Rose {rElec Str+2
                  | Stlth-}
 11639 | D:10     | Reached skill level 1 in Long Blades
 11639 | D:10     | Reached skill level 5 in Dodging
 12201 | D:10     | Reached * piety under Vehumet
 12201 | D:10     | Offered knowledge of Freeze by Vehumet.
 12504 | D:10     | Noticed a gargoyle
 12534 | D:10     | Killed a gargoyle
 12535 | D:10     | Reached skill level 13 in Spellcasting
 13024 | D:10     | Reached XP level 11. HP: 56/56 MP: 21/30
 13375 | D:7      | Noticed a cyan ugly thing
 13383 | D:7      | Killed a cyan ugly thing
 13701 | D:6      | Slain by a boulder beetle

Illustrated notes

Levels and vault maps discovered:
D:1:      minmay_arrival_jagged, layout_basic, ebering_ecumenical_altar_mist,
          minmay_misc_feat_hallway
D:2:      layout_basic
D:3:      layout_basic, serial_shops, shop_fountains,
          nicolae_shop_window_shopping, nicolae_shop_window_shopping,
          minmay_tree_intersection
D:4:      layout_gridville, grunt_temple_overflow_open,
          nicolae_ossuary_entry_giza, serial_shops,
          nicolae_shop_overgrown_old_shop, minmay_misc_feat_doors
D:5:      layout_basic
D:6:      layout_loops_cross, minitemple, minmay_microvault, uniq_duvessa
D:7:      nzn_winding_woodlands_stair_cross [nzn_winding_woodlands_5x15_default,
          nzn_winding_woodlands_center_diamonds,
          nzn_winding_woodlands_5x15_crooked,
          nzn_winding_woodlands_5x5_open_star,
          nzn_winding_woodlands_5x5_default,
          nzn_winding_woodlands_5x15_split_checker,
          nzn_winding_woodlands_center_pierced_h,
          nzn_winding_woodlands_5x15_sawtooth], layout_gridville,
          minmay_temple_entry_hall, serial_shops,
          nicolae_shop_competitors_out_of_business, nicolae_shop_trees,
          nicolae_diamond_shop, chequers_serial_rivers_micro_a,
          item_on_display_a, uniq_crazy_yiuf_cottage
D:8:      layout_gridville, serial_shops, nicolae_shop_stone
D:9:      layout_basic, grunt_ministairs_2, chequers_hall_statues_wall_a
D:10:     layout_basic, hangedman_decor_diamond_cutter, minmay_misc_feat_chi,
          minmay_misc_feat_iff
Temple:   nicolae_temple_great_sept

Skill      XL: |  1  2  3  4  5  6  7  8  9 10 |
---------------+-------------------------------+-----
Conjurations   | 5 6 7 8 9 10 11 | 11.5
Spellcasting   | 4 5 6 8 10 12 13 | 13.2
Stealth        | 3 4 5 |  5.1
Dodging        | 3 4 5 |  5.6
Earth Magic    | 2 4 5 |  5.9
Shields        | 2 3 |  3.9
Fighting       | 1 |  1.5
Long Blades    | 1 |  1.1

Action                   |  1- 3 |  4- 6 |  7- 9 | 10-12 || total
-------------------------+-------+-------+-------+-------++-------
Melee: Unarmed           |       |       |     1 |       ||     1
       Falchion          |       |       |       |     1 ||     1
 Cast: Magic Dart        |    61 |   134 |   126 |    35 ||   356
       Searing Ray       |     1 |    13 |    43 |    25 ||    82
       Stone Arrow       |       |       |       |    27 ||    27
  Use: Scroll            |       |     5 |     4 |     3 ||    12
       Potion            |       |       |     1 |     3 ||     4
 Stab: Invisible         |       |       |     1 |       ||     1
Armor: Robe              |     1 |     3 |    18 |    15 ||    37
Dodge: Dodged            |     5 |    15 |    50 |    39 ||   109
Block: Buckler           |       |       |       |     2 ||     2
       Rpst.: Falchion   |       |       |     3 |     7 ||    10
